 Dungeon Crawl Stone Soup version 0.27-a0-1228-gfd60fd639a (webtiles) character file.

Game seed: 6862011348189569355

175 siradein the Insei (level 5, 0/26 HPs)
             Began as a Vine Stalker Transmuter on June 7, 2021.
             Slain by a gnoll sergeant
             ... wielding a +1 trident of distortion
              (16 damage)
             ... on level 3 of the Dungeon.
             The game lasted 00:06:50 (3187 turns).

siradein the Insei (Vine Stalker Transmuter)        Turns: 3187, Time: 00:06:51

Health: 0/26       AC:  2    Str: 13    XL:     5   Next: 55%
Magic:  0/10       EV: 12    Int: 13    God:
Gold:   118        SH:  0    Dex: 15    Spells: 7/10 levels left

rFire    . . .     SeeInvis .     - Unarmed
rCold    . . .     Faith    .   (no shield)
rNeg     . . .     Spirit   +   a - +0 robe
rPois    .         Reflect  .   (helmet currently unavailable)
rElec    .         Harm     .   (no cloak)
rCorr    .         Rampage  .   (no gloves)
Will     .....                  (boots currently unavailable)
Stlth    +.........             n - amulet of the acrobat
HPRegen  1.08/turn              (no ring)
MPRegen  0.12/turn              (no ring)

@: appendages, very slow
A: horns 2, talons 2, fangs 2, regeneration 1, magic shield, antimagic bite, no
potion heal 2
a: End Transformation


You were on level 3 of the Dungeon.
You had temporarily grown beastly horns and talons.
You visited 1 branch of the dungeon, and saw 3 of its levels.

You collected 118 gold pieces.

Inventory:

Missiles
 g - 2 throwing nets
Armour
 a - a +0 robe (worn)
 m - a +0 helmet of intelligence (melded)
Jewellery
 n - an amulet of the acrobat (around neck)
Scrolls
 e - a scroll of teleportation {unknown}
 h - a scroll of torment {unknown}
 i - a scroll of fog {unknown}
 k - a scroll of identify {unknown}
 l - a scroll of amnesia {unknown}
 o - a scroll of holy word {unknown}
 p - a scroll of enchant armour {unknown}
Potions
 b - a potion of mutation {unknown}
 c - a potion of haste {unknown}
 d - a potion of heal wounds {unknown}
 f - 2 potions of resistance {unknown}
 j - 2 potions of lignification {unknown}
 q - a potion of curing {unknown}


   Skills:
 + Level 2.1 Fighting
 + Level 2.4 Dodging
 + Level 3.8 Unarmed Combat
 + Level 3.1 Spellcasting
 + Level 3.0 Transmutations


You had 7 spell levels left.
You knew the following spells:

 Your Spells              Type           Power      Damage    Failure   Level
a - Beastly Appendage     Tmut           18%        N/A       6%          1
b - Wereblood             Tmut           9%         N/A       10%         2

Your spell library contained the following spells:

 Spells                   Type           Power      Damage    Failure   Level
 Animate Skeleton         Necr           4%         N/A       22%         1
 Apportation              Tloc           4%         N/A       22%         1
 Corona                   Hex            2%         N/A       22%         1
 Summon Small Mammal      Summ           8%         N/A       22%         1
 Spider Form              Tmut/Pois      2%         N/A       36%         3
 Ice Form                 Ice/Tmut       5%         N/A       77%         4
 Hydra Form               Tmut           4%         N/A       87%         5


Dungeon Overview and Level Annotations

Branches:
Dungeon (3/15)

Altars:
Elyvilon


Innate Abilities, Weirdness & Mutations

You have temporarily grown beastly horns and talons.
You have extremely sharp teeth.
Your natural rate of healing is unusually fast.
When hurt, damage is shared between your health and your magic reserves.
Your bite disrupts and absorbs the magic of your enemies.
Potions cannot restore your health.


Message History

There are monsters nearby!
There are monsters nearby!
There are monsters nearby!
There are monsters nearby!
The gnoll shouts!
The kobold throws a stone.
The stone completely misses you.
The gnoll sergeant shouts!
A gnoll comes into view. It is wielding a +0 whip.
A gnoll comes into view. It is wielding a +0 club.
The gnoll completely misses you.
You enter the shallow water.
Moving in this stuff is going to be slow.
The gnoll closely misses you. The gnoll misses you.
The kobold throws a stone.
The stone completely misses you.
Casting: Beastly Appendage (safe; 5% risk of failure)
Press: ? - help, Q - select action, (/) - cycle Dir - look around, f - activate You grow a pair of large bovine horns.
Your feet morph into talons.
Your +0 helmet of intelligence melds into your body.
You feel stupid. The gnoll completely misses you.
The gnoll shouts!
You hit the gnoll but do no damage. The gnoll barely misses you.
The gnoll sergeant closely misses you.
You hit the gnoll. You headbutt the gnoll!
You kill the gnoll!
The gnoll hits you from afar with a +0 spear!
The gnoll sergeant splashes around in the water.
You enter the shallow water.
Moving in this stuff is going to be slow.
The gnoll shouts!
The gnoll closely misses you.
The gnoll sergeant completely misses you.
The gnoll misses you.
You hit the gnoll sergeant but do no damage.
You claw the gnoll sergeant, but do no damage.
The gnoll sergeant hits you with a +1 trident of distortion!
Space warps horribly around you!!
Ouch! That really hurt!
You die...

########.# #.#.# ### .........#
#.### ########## #.# ♣♣♣ ###.#♣♣
♣♣♣.♣♣♣ ##.....♣♣ ♣♣.....♣♣
###############.......♣♣♣.......♣
#................≈≈≈...♣...≈≈≈g..
#.########.....)≈≈≈≈≈...).≈≈≈≈≈..
#.# #.##...@g♣≈≈.....)≈_K≈.. #.#
#.#....≈≈≈≈≈.....≈≈≈≈≈.. #.#
#.#.#..g≈≈≈.g.♣...≈≈≈... #.#
#.#<##...g...♣♣♣.......♣ #.#
#.#####.....♣♣ ♣♣.....♣♣ #.#
#.#...#.#.#♣♣ ♣♣♣.♣♣♣ #.#
#.#.#.#.#.# ♣♣♣
#.########.#.#.#.#.#
#..........#...#.#.#


You could see a gnoll sergeant and 3 gnolls.

Vanquished Creatures
  Terence (D:2)
  Robin (D:2)
  5 adders
  2 gnolls (D:3)
  2 worms (D:2)
  A dart slug (D:2)
  A ball python (D:2)
  4 endoplasms
  2 giant cockroaches
  20 goblins
  6 hobgoblins
  2 jackals (D:2)
  2 quokkas (D:2)
  7 bats
  5 frilled lizards
  2 kobolds
63 creatures vanquished.

Notes
Turn   | Place    | Note
-------+----------+-------------------------------------------
     0 | D:1      | siradein the Vine Stalker Transmuter began the quest for
                  | the Orb.
     0 | D:1      | Reached XP level 1. HP: 9/9 MP: 4/4
   395 | D:1      | Reached skill level 1 in Fighting
   460 | D:1      | Reached XP level 2. HP: 14/14 MP: 4/6
   873 | D:1      | Found a faded altar of an unknown god.
  1449 | D:2      | Reached XP level 3. HP: 12/18 MP: 5/7
  1565 | D:2      | Noticed Terence
  1572 | D:2      | Killed Terence
  1845 | D:2      | Gained mutation: Your natural rate of healing is unusually
                  | fast. [Vine Stalker growth]
  1845 | D:2      | Reached XP level 4. HP: 22/22 MP: 7/9
  1911 | D:2      | Learned a level 2 spell: Wereblood
  1969 | D:2      | Noticed Robin
  1988 | D:2      | Killed Robin
  2321 | D:2      | Reached XP level 5. HP: 24/26 MP: 8/10
  2990 | D:3      | Found a white marble altar of Elyvilon.
  3187 | D:3      | Slain by a gnoll sergeant

Illustrated notes

Levels and vault maps discovered:
D:1:      kilobyte_arrival_exit_the_forest, layout_basic,
          basic_ecumenical_altar, minmay_splitting_lines
D:2:      layout_loops_cross, minmay_tetromino_s2, uniq_robin, uniq_terence
D:3:      layout_basic, elyvilon_altar_3, ebering_ghost_disaster_area

Skill      XL: |  1  2  3  4  5 |
---------------+----------------+-----
Fighting       | 1 2 |  2.1
Dodging        | 2 |  2.4
Spellcasting   | 3 |  3.1
Transmutations | 3 |  3.0
Unarmed Combat | |  3.8

Action                   |  1- 3 |  4- 6 || total
-------------------------+-------+-------++-------
Melee: Unarmed           |    82 |    82 ||   164
       Kick              |    16 |    19 ||    35
       Bite              |    12 |    12 ||    24
       Headbutt          |     8 |     9 ||    17
       Punch             |       |     1 ||     1
 Cast: Beastly Appendage |    19 |    20 ||    39
       Wereblood         |       |     1 ||     1
Armor: Robe              |    27 |     6 ||    33
Dodge: Dodged            |    74 |    54 ||   128

Table legend: (Time is in decaauts)
 A = Elapsed time spent in this place.
 B = Non-inter-level travel time spent in this place.
 C = Inter-level travel time spent in this place.
 D = Time resting spent in this place.
 E = Time spent auto-exploring this place.
 F = Levels seen in this place.
 G = Mean time per level.
                   A        B        C        D        E       F      G
               +--------+--------+--------+--------+--------+-----+--------+
         Total |   3187 |   3126 |     61 |      0 |   2687 |   3 | 1062.3 |
       Dungeon |   3187 |   3126 |     61 |      0 |   2687 |   3 | 1062.3 |
               +--------+--------+--------+--------+--------+-----+--------+

Top non-repeatable levels by time:
     D:1: 1373 daAuts
     D:2: 1303 daAuts
     D:3: 510 daAuts
